 Dungeon Crawl Stone Soup version 0.22-a0-833-g8522bf8 (webtiles) character file.

40 vatarom the Conjurer (level 3, 19/19 HPs)
             Began as a Deep Elf Conjurer on July 25, 2018.
             Quit the game on level 2 of the Dungeon on Sept 8, 2018.
             The game lasted 00:03:34 (1092 turns).

vatarom the Conjurer (Deep Elf Conjurer)            Turns: 1092, Time: 00:03:35

Health: 19/19      AC:  2    Str:  5    XL:     3   Next: 30%
Magic:  10/10      EV: 13    Int: 20    God:
Gold:   86         SH:  0    Dex: 15    Spells: 6/9 levels left

rFire    . . .     SeeInvis .   h - +2 dagger (drain)
rCold    . . .     Gourm    .   (no shield)
rNeg     . . .     Faith    .   a - +0 robe
rPois    +         Spirit   .   (no helmet)
rElec    .         Reflect  .   (no cloak)
rCorr    .         Harm     .   (no gloves)
MR       .....                  (no boots)
Stlth    ++........             (no amulet)
HPRegen  0.06/turn              j - ring of poison resistance
MPRegen  0.12/turn              (no ring)

@: no status effects
A: no striking features
a: no special abilities


You were on level 2 of the Dungeon.
You were hungry.

You visited 1 branch of the dungeon, and saw 2 of its levels.

You collected 86 gold pieces.

Inventory:

Hand Weapons
 h - a +2 dagger of draining (weapon)
Armour
 a - a +0 robe (worn)
Jewellery
 j - a ring of poison resistance (left hand)
Scrolls
 d - 4 scrolls of fear {unknown}
 g - 2 scrolls of identify {unknown}
 i - 2 scrolls of amnesia {unknown}
Potions
 b - a potion of might {unknown}
 e - 2 potions of mutation {unknown}
 f - a potion of heal wounds {unknown}
 k - a potion of resistance {unknown}
 l - a potion of curing {unknown}
Comestibles
 c - 4 rations {@e1}


   Skills:
 - Level 2.4 Dodging
 - Level 2.4 Stealth
 + Level 3.8 Spellcasting
 * Level 5.3 Conjurations


You had 6 spell levels left.
You knew the following spells:

 Your Spells              Type           Power        Failure   Level  Hunger
a - Magic Dart            Conj           ####         1%          1    None
b - Searing Ray           Conj           ####..       2%          2    ##.....

Your spell library contained the following spells:

 Spells                   Type           Power        Failure   Level  Hunger
 Iskenderun's Mystic Bla  Conj           ####....     14%         4    ####...
 Fulminant Prism          Conj/Hex       ##........   41%         4    ####...
 Dazzling Spray           Conj/Hex       ##....       13%         3    ###....
 Force Lance              Conj/Tloc      ##......     41%         4    ####...


Dungeon Overview and Level Annotations

Branches:
Dungeon (2/15)

Altars:


Message History

Aim: a giant cockroach (heavily wounded, clinging)
The magic dart hits the giant cockroach.
You kill the giant cockroach!
Casting: Magic Dart (safe; 1% risk of failure)
Confirm with . or Enter, or press ? or * to list all spells.
You can't see any susceptible monsters within range! (Use Z to cast anyway.) Unknown command.
Saving game... please wait.
Welcome back, vatarom the Deep Elf Conjurer.
Press ? for a list of commands and other information.
Magic restored.
HP restored.
You now have 68 gold pieces (gained 6).
You now have 86 gold pieces (gained 18).
l - a yellow potion You are feeling hungry.
c - 4 rations {@e1} (gained 1) Welcome back, vatarom the Deep Elf Conjurer.
Press ? for a list of commands and other information.
Are you sure you want to abandon this character and quit the game? (Confirm with "yes".)

# # ####.##.##
##### #.%. !. ..
......##.##.##.#
#...@....!..#
###.##.##.###
#.........######
#.#............#
#.####.#######.#
####.#
#.#######.######
..##.#
#...............
#.##.#
#######.#.######
#.##.# #.###


There were no monsters in sight!

Vanquished Creatures
  A worm (D:2)
  4 dart slugs
  6 bats
  A giant cockroach (D:2)
  2 goblins (D:1)
  5 hobgoblins
  4 kobolds (D:1)
  2 ball pythons
  3 frilled lizards (D:1)
  3 rats (D:1)
31 creatures vanquished.

Notes
Turn   | Place    | Note
-------+----------+-------------------------------------------
     0 | D:1      | vatarom the Deep Elf Conjurer began the quest for the Orb.
     0 | D:1      | Reached XP level 1. HP: 10/10 MP: 6/6
   196 | D:1      | Reached XP level 2. HP: 10/15 MP: 1/8
   263 | D:1      | Learned a level 2 spell: Searing Ray
   443 | D:1      | Reached skill level 5 in Conjurations
   827 | D:1      | Reached XP level 3. HP: 19/19 MP: 10/10
  1092 | D:2      | Quit the game

Vault maps used:
D:1:      nzn_arrival_water_spiral, roderic_lattice_a, minmay_misc_feat_iff,
          minmay_misc_feat_nine_boxes, minmay_tree_intersection
D:2:      first_ration, hangedman_feature_mirror, uniq_crazy_yiuf_cottage

Skill      XL: |  1  2 |
---------------+-------+-----
Conjurations   | 5 |  5.3
Dodging        | |  2.4
Stealth        | |  2.4
Spellcasting   | |  3.8

Action                   || total
-------------------------++-------
Melee: Dagger            ||    29
       Unarmed           ||     4
 Cast: Magic Dart        ||    38
       Searing Ray       ||     1
 Stab: Sleeping          ||     3
Armor: Robe              ||     1
Dodge: Dodged            ||    22

Table legend:
 A = Spawn XP
 B = Non-spawn XP
 C = Spawn XP percentage of total XP
 D = Spawn monster count
 E = Non-spawn monster count
 F = Spawn count percentage of total count
 G = Total turns spent on level
                    A         B        C        D         E        F      G
               +---------+---------+-------+---------+---------+-------+---------
         Total |       0 |      58 |   0.0 |       0 |      31 |   0.0 |  1092
               +---------+---------+-------+---------+---------+-------+---------
           D:1 |       0 |      43 |   0.0 |       0 |      25 |   0.0 |   881
           D:2 |       0 |      15 |   0.0 |       0 |       6 |   0.0 |   211
               +---------+---------+-------+---------+---------+-------+---------
